MLB
PITTSBURGH PIRATES @ PHILADELPHIA PHILLIES
08/13/2048
 
TOP OF THE 1ST
Pittsburgh Pirates batting - Pitching for Philadelphia Phillies : RHP James Woods Jr.
Pitching: RHP James Woods Jr.
Batting: RHB Chiel Palstermans 0-0: Foul Ball, location: 2F
0-1: Foul Ball, location: 2F
0-2: Foul Ball, location: 2F
0-2: Strikes out swinging
Batting: RHB David Contreras 0-0: Called Strike
0-1: Foul Ball, location: 2F
0-2: Ball
1-2: Strikes out swinging
Batting: SHB Marvin McAleer 0-0: Swinging Strike
0-1: Swinging Strike
0-2: Ball
1-2: Foul Ball, location: 2F
1-2: Ball
2-2: Ball
3-2: Strikes out swinging
Top of the 1st over - 0 runs, 0 hits, 0 errors, 0 left on base; Pittsburgh 0 - Philadelphia 0
BOTTOM OF THE 1ST
Philadelphia Phillies batting - Pitching for Pittsburgh Pirates : LHP Sam Richardson
Pitching: LHP Sam Richardson
Batting: LHB Nick Canizales 0-0: Ball
1-0: Ball
2-0: Foul Ball, location: 2F
2-1: Ball
3-1: Foul Ball, location: 2F
3-2: Fly out, F7 (Flyball, 7D, EV 96.9 MPH)
Batting: LHB Cody Schumacher 0-0: Hit by Pitch
Batting: RHB Chris Pounds 0-0: Swinging Strike
0-1: Ball
1-1: Called Strike
1-2: Ball
2-2: Ball
3-2: 2-RUN HOME RUN (Flyball, 89XD, EV 103.1 MPH), Distance : 402 ft
Batting: RHB Josh Hensley 0-0: Called Strike
0-1: Swinging Strike
0-2: Ball
1-2: Ball
2-2: Ball
3-2: Strikes out swinging
Batting: LHB Ryan Trombley 0-0: Ball
1-0: Ground out 5-3 (Groundball, 56, EV 103.1 MPH)
Bottom of the 1st over - 2 runs, 1 hit, 0 errors, 0 left on base; Pittsburgh 0 - Philadelphia 2
TOP OF THE 2ND
Pittsburgh Pirates batting - Pitching for Philadelphia Phillies : RHP James Woods Jr.
Batting: LHB Micah Boshnjaku 0-0: Ball
1-0: Ball
2-0: Foul Ball, location: 2F
2-1: Ball
3-1: Base on Balls
Batting: LHB Xavier Pittman 0-0: Foul Ball, location: 2F
0-1: Foul Ball, location: 2F
0-2: Ball
1-2: Strikes out swinging
Batting: SHB Jack Andrews 0-0: Called Strike
0-1: Ball
1-1: Called Strike
1-2: Ball
2-2: 2-RUN HOME RUN (Flyball, 89XD, EV 99.4 MPH), Distance : 391 ft
Batting: RHB Jason Moss 0-0: Called Strike
0-1: Foul Ball, location: 2F
0-2: Ball
1-2: Foul Ball, location: 2F
1-2: Ball
2-2: Ground out 5-3 (Groundball, 56S, EV 80.6 MPH)
Batting: RHB Jerry Escamilla 0-0: Ball
1-0: SINGLE (Groundball, 56D, EV 96.2 MPH)
Batting: SHB Brad Day 0-0: Ball
1-0: Ball
Jerry Escamilla is caught stealing 2nd base 2-6
Top of the 2nd over - 2 runs, 2 hits, 0 errors, 0 left on base; Pittsburgh 2 - Philadelphia 2
BOTTOM OF THE 2ND
Philadelphia Phillies batting - Pitching for Pittsburgh Pirates : LHP Sam Richardson
Batting: LHB Brad Turner 0-0: Ball
1-0: Ball
2-0: Ball
3-0: Called Strike
3-1: Base on Balls
Batting: LHB Jim Beaver 0-0: Ball
1-0: Foul Ball, location: 2F
1-1: Hit by Pitch
Brad Turner to second
Batting: LHB Danny Hill 0-0: Called Strike
0-1: Ball
1-1: Foul Ball, location: 2F
1-2: Ball
2-2: Ball
3-2: Strikes out swinging
Batting: SHB Phuck II 0-0: Ball
1-0: Ball
2-0: Called Strike
2-1: Swinging Strike
2-2: Foul Ball, location: 2F
2-2: Foul Ball, location: 2F
2-2: Foul Ball, location: 2F
2-2: Ball
3-2: Strikes out swinging
Batting: LHB Nick Canizales 0-0: Ball
1-0: Foul Ball, location: 2F
1-1: Ball
2-1: Fly out, F9 (Line Drive, 9, EV 85.6 MPH)
Bottom of the 2nd over - 0 runs, 0 hits, 0 errors, 2 left on base; Pittsburgh 2 - Philadelphia 2
TOP OF THE 3RD
Pittsburgh Pirates batting - Pitching for Philadelphia Phillies : RHP James Woods Jr.
Batting: SHB Brad Day 0-0: Ball
1-0: SINGLE (Groundball, 34D, EV 103.8 MPH)
Batting: RHB Chiel Palstermans 0-0: Grounds into double play, 6-4-3 (Groundball, 6, EV 85.6 MPH)
Batting: RHB David Contreras 0-0: Called Strike
0-1: Swinging Strike
0-2: Ball
1-2: Strikes out swinging
Top of the 3rd over - 0 runs, 1 hit, 0 errors, 0 left on base; Pittsburgh 2 - Philadelphia 2
BOTTOM OF THE 3RD
Philadelphia Phillies batting - Pitching for Pittsburgh Pirates : LHP Sam Richardson
Batting: LHB Cody Schumacher 0-0: SOLO HOME RUN (Flyball, 89XD, EV 101.9 MPH), Distance : 407 ft
Batting: RHB Chris Pounds 0-0: Foul Ball, location: 2F
0-1: Ball
1-1: Called Strike
1-2: Ball
2-2: Strikes out swinging
Batting: RHB Josh Hensley 0-0: Called Strike
0-1: Fly out, F7 (Flyball, 7, EV 93.1 MPH)
Batting: LHB Ryan Trombley 0-0: Ball
1-0: Swinging Strike
1-1: Ball
2-1: TRIPLE (Flyball, 78XD, EV 101.9 MPH)
Batting: LHB Brad Turner 0-0: Ball
1-0: Swinging Strike
1-1: Called Strike
1-2: Ground out 4-3 (Groundball, 4M, EV 90.0 MPH)
Bottom of the 3rd over - 1 run, 2 hits, 0 errors, 1 left on base; Pittsburgh 2 - Philadelphia 3
TOP OF THE 4TH
Pittsburgh Pirates batting - Pitching for Philadelphia Phillies : RHP James Woods Jr.
Batting: SHB Marvin McAleer 0-0: Foul Ball, location: 2F
0-1: Ball
1-1: Foul Ball, location: 2F
1-2: SINGLE (Line Drive, 34, EV 102.5 MPH)
Batting: LHB Micah Boshnjaku 0-0: Called Strike
0-1: Foul Ball, location: 2F
0-2: Strikes out swinging
Batting: LHB Xavier Pittman 0-0: Called Strike
0-1: Ball
1-1: Foul Ball, location: 2F
1-2: Strikes out swinging
Batting: SHB Jack Andrews 0-0: Called Strike
0-1: Ball
1-1: Ball
2-1: Foul Ball, location: 2F
2-2: Foul Ball, location: 2F
2-2: Ball
3-2: Strikes out looking
Top of the 4th over - 0 runs, 1 hit, 0 errors, 1 left on base; Pittsburgh 2 - Philadelphia 3
BOTTOM OF THE 4TH
Philadelphia Phillies batting - Pitching for Pittsburgh Pirates : LHP Sam Richardson
Batting: LHB Jim Beaver 0-0: Called Strike
0-1: Ball
1-1: Fly out, F8 (Flyball, 78M, EV 87.5 MPH)
Batting: LHB Danny Hill 0-0: Called Strike
0-1: Foul Ball, location: 2F
0-2: Strikes out looking
Batting: SHB Phuck II 0-0: Ball
1-0: DOUBLE (Line Drive, 78D, EV 104.4 MPH)
Batting: LHB Nick Canizales 0-0: Called Strike
0-1: Ball
1-1: Called Strike
1-2: Foul Ball, location: 2F
1-2: Foul Ball, location: 2F
1-2: Ball
2-2: Ground out U3 (Groundball, 3S, EV 88.8 MPH)
Bottom of the 4th over - 0 runs, 1 hit, 0 errors, 1 left on base; Pittsburgh 2 - Philadelphia 3
TOP OF THE 5TH
Pittsburgh Pirates batting - Pitching for Philadelphia Phillies : RHP James Woods Jr.
Batting: RHB Jason Moss 0-0: Fly out, F7 (Line Drive, 78M, EV 91.9 MPH)
Batting: RHB Jerry Escamilla 0-0: Called Strike
0-1: Ball
1-1: Foul Ball, location: 2F
1-2: Foul Ball, location: 2F
1-2: Foul Ball, location: 2F
1-2: Ball
2-2: Ball
3-2: Ground out 4-3 (Groundball, 4, EV 100.6 MPH)
Batting: SHB Brad Day 0-0: Called Strike
0-1: Ball
1-1: Foul Ball, location: 2F
1-2: SINGLE (Groundball, 56D, EV 91.2 MPH) (infield hit)
Batting: RHB Chiel Palstermans 0-0: Called Strike
0-1: Swinging Strike
0-2: Ball
1-2: Fly out, F8 (Flyball, 8RM, EV 76.9 MPH)
Top of the 5th over - 0 runs, 1 hit, 0 errors, 1 left on base; Pittsburgh 2 - Philadelphia 3
BOTTOM OF THE 5TH
Philadelphia Phillies batting - Pitching for Pittsburgh Pirates : LHP Sam Richardson
Batting: LHB Cody Schumacher 0-0: Called Strike
0-1: Swinging Strike
0-2: Ball
1-2: Ball
2-2: Strikes out swinging
Batting: RHB Chris Pounds 0-0: Swinging Strike
0-1: Foul Ball, location: 2F
0-2: Foul Ball, location: 2F
0-2: Ball
1-2: Strikes out looking
Batting: RHB Josh Hensley 0-0: Ball
1-0: Ball
2-0: Ball
3-0: Called Strike
3-1: Ground out 6-3 (Groundball, 6, EV 83.8 MPH)
Bottom of the 5th over - 0 runs, 0 hits, 0 errors, 0 left on base; Pittsburgh 2 - Philadelphia 3
TOP OF THE 6TH
Pittsburgh Pirates batting - Pitching for Philadelphia Phillies : RHP James Woods Jr.
Batting: RHB David Contreras 0-0: Called Strike
0-1: Ground out 6-3 (Groundball, 6, EV 103.1 MPH)
Batting: SHB Marvin McAleer 0-0: Ground out 4-3 (Groundball, 4, EV 81.2 MPH)
Batting: LHB Micah Boshnjaku 0-0: Ball
1-0: Called Strike
1-1: SINGLE (Groundball, 4D, EV 98.8 MPH)
Batting: LHB Xavier Pittman 0-0: Foul Ball, location: 2F
0-1: TRIPLE (Line Drive, 89XD, EV 107.5 MPH)
Micah Boshnjaku scores
Batting: SHB Jack Andrews 0-0: Ball
1-0: Ball
2-0: Foul Ball, location: 2F
2-1: Called Strike
2-2: Strikes out swinging
Top of the 6th over - 1 run, 2 hits, 0 errors, 1 left on base; Pittsburgh 3 - Philadelphia 3
BOTTOM OF THE 6TH
Philadelphia Phillies batting - Pitching for Pittsburgh Pirates : LHP Sam Richardson
Batting: LHB Ryan Trombley 0-0: Swinging Strike
0-1: Ball
1-1: Ball
2-1: SINGLE (Line Drive, 6M, EV 108.8 MPH)
Batting: LHB Brad Turner 0-0: Called Strike
0-1: Ball
1-1: Ball
2-1: SINGLE (Groundball, 34D, EV 106.2 MPH)
Ryan Trombley to second
Runner from 2nd tries for 3rd, SAFE, throw by RF made to third
Batting: LHB Jim Beaver 0-0: SINGLE (Line Drive, 3D, EV 95.0 MPH)
Ryan Trombley scores
Brad Turner to second
Batting: LHB Danny Hill 0-0: Swinging Strike
0-1: Fly out, F8 (Flyball, 8RS, EV 91.2 MPH)
Pitching: RHP Ian Toney
Batting: SHB Phuck II 0-0: Ball
1-0: SINGLE (Groundball, 4MS, EV 68.1 MPH) (infield hit)
Brad Turner to third
Jim Beaver to second
Batting: LHB Nick Canizales 0-0: Called Strike
0-1: Ball
1-1: SINGLE (Groundball, 34D, EV 95.6 MPH)
Brad Turner scores
Jim Beaver to third
Phuck II to second
Runner from 3rd tries for Home, throw by RF and OUT! 9-2
Batting: LHB Cody Schumacher 0-0: Ball
1-0: Ball
2-0: Swinging Strike
2-1: Swinging Strike
2-2: Strikes out swinging
Bottom of the 6th over - 2 runs, 5 hits, 0 errors, 2 left on base; Pittsburgh 3 - Philadelphia 5
TOP OF THE 7TH
Pittsburgh Pirates batting - Pitching for Philadelphia Phillies : RHP James Woods Jr.
Batting: RHB Jason Moss 0-0: Called Strike
0-1: Ball
1-1: Ball
2-1: Ground out 5-3 (Groundball, 56, EV 106.9 MPH)
Batting: RHB Jerry Escamilla 0-0: Called Strike
0-1: Ball
1-1: Ball
2-1: Ball
3-1: Swinging Strike
3-2: Foul Ball, location: 2F
3-2: Base on Balls
Batting: SHB Brad Day 0-0: Called Strike
0-1: Ball
1-1: DOUBLE (Line Drive, 78D, EV 106.9 MPH)
Jerry Escamilla to third
Runner from 3rd tries for Home, SAFE, throw by CF to home
Pitching: RHP Ken Tetzlaff
Batting: RHB Chiel Palstermans 0-0: Called Strike
Brad Day steals 3rd base
0-1: Fly out, F8 (Flyball, 8RD, EV 97.5 MPH)
Runner from 3rd tags up, SCORES, throw by CF
Batting: RHB David Contreras 0-0: Ball
1-0: Ball
2-0: Ball
3-0: Called Strike
3-1: Fly out, F7 (Flyball, 7, EV 96.2 MPH)
Top of the 7th over - 2 runs, 1 hit, 0 errors, 0 left on base; Pittsburgh 5 - Philadelphia 5
BOTTOM OF THE 7TH
Philadelphia Phillies batting - Pitching for Pittsburgh Pirates : RHP Ian Toney
Batting: RHB Chris Pounds 0-0: Foul Ball, location: 2F
0-1: Swinging Strike
0-2: Hit by Pitch
Pinch Hitting: LHB Osamu Kubo 0-0: Ball
1-0: Ball
2-0: Called Strike
2-1: Ball
3-1: Base on Balls
Chris Pounds to second
Batting: LHB Ryan Trombley 0-0: Ball
1-0: Reached on error, E2 (Groundball, 2L, EV 73.1 MPH)
Chris Pounds scores
Osamu Kubo to third
Batting: LHB Brad Turner 0-0: Intentional Walk
Batting: LHB Jim Beaver 0-0: Fly out, F5 (Popup, 5SF, EV 81.9 MPH)
Batting: LHB Danny Hill 0-0: Called Strike
0-1: Swinging Strike
0-2: Foul Ball, location: 2F
0-2: Strikes out swinging
Batting: SHB Phuck II 0-0: GRAND SLAM HOME RUN (Flyball, 9LD, EV 95.0 MPH), Distance : 344 ft
Pitching: RHP Rogelio Nunez
Batting: LHB Nick Canizales 0-0: Ball
1-0: Fly out, F7 (Flyball, 78S, EV 95.6 MPH)
Bottom of the 7th over - 5 runs, 1 hit, 1 error, 0 left on base; Pittsburgh 5 - Philadelphia 10
TOP OF THE 8TH
Pittsburgh Pirates batting - Pitching for Philadelphia Phillies : RHP Ken Tetzlaff
Now at 3B: Quintin Parker
Batting: SHB Marvin McAleer 0-0: Foul Ball, location: 2F
0-1: Ball
1-1: Fly out, F3 (Line Drive, 3L, EV 69.4 MPH)
Batting: LHB Micah Boshnjaku 0-0: Ball
1-0: Ball
2-0: Called Strike
2-1: Foul Ball, location: 2F
2-2: Strikes out swinging
Batting: LHB Xavier Pittman 0-0: Fly out, F7 (Line Drive, 78M, EV 90.6 MPH)
Top of the 8th over - 0 runs, 0 hits, 0 errors, 0 left on base; Pittsburgh 5 - Philadelphia 10
BOTTOM OF THE 8TH
Philadelphia Phillies batting - Pitching for Pittsburgh Pirates : RHP Rogelio Nunez
Batting: LHB Cody Schumacher 0-0: Foul Ball, location: 2F
0-1: Ball
1-1: Called Strike
1-2: Ball
2-2: Ball
3-2: Base on Balls
Batting: RHB Chris Pounds 0-0: Ball
Wild Pitch!
Cody Schumacher to second
1-0: Called Strike
1-1: Ball
2-1: Foul Ball, location: 2F
2-2: Foul Ball, location: 2F
2-2: Foul Ball, location: 2F
2-2: Ball
3-2: Strikes out looking
Batting: RHB Quintin Parker 0-0: Called Strike
0-1: Ball
1-1: SINGLE (Flyball, 34D, EV 83.8 MPH)
Cody Schumacher to third
Batting: LHB Ryan Trombley 0-0: Ball
1-0: Swinging Strike
1-1: Ball
2-1: Ball
3-1: Foul Ball, location: 2F
3-2: Foul Ball, location: 2F
3-2: Base on Balls
Quintin Parker to second
Batting: LHB Brad Turner 0-0: Ball
1-0: Foul Ball, location: 2F
1-1: Ball
2-1: Grounds out, U3 (Groundball, 3L, EV 78.8 MPH)
Cody Schumacher scores
Quintin Parker to third
Pitching: LHP Jimmy Vanthournoutingtonle
Batting: LHB Jim Beaver 0-0: Ball
1-0: Foul Ball, location: 2F
1-1: Called Strike
1-2: Ground out 3-1 (Groundball, 34, EV 93.1 MPH)
Bottom of the 8th over - 1 run, 1 hit, 0 errors, 2 left on base; Pittsburgh 5 - Philadelphia 11
TOP OF THE 9TH
Pittsburgh Pirates batting - Pitching for Philadelphia Phillies : RHP Ken Tetzlaff
Batting: SHB Jack Andrews 0-0: Called Strike
0-1: Ball
1-1: Foul Ball, location: 2F
1-2: Ball
2-2: SINGLE (Flyball, 4MD, EV 90.0 MPH)
Batting: RHB Jason Moss 0-0: Foul Ball, location: 2F
0-1: Called Strike
0-2: Hit by Pitch
Jack Andrews to second
Batting: RHB Jerry Escamilla 0-0: Called Strike
0-1: Ball
1-1: Ball
2-1: Ball
3-1: Swinging Strike
3-2: Strikes out swinging
Batting: SHB Brad Day 0-0: Ball
1-0: Swinging Strike
1-1: Ball
2-1: Swinging Strike
2-2: Foul Ball, location: 2F
2-2: Ground out U3 (Groundball, 3S, EV 67.5 MPH)
Jack Andrews to third
Jason Moss to second
Batting: RHB Chiel Palstermans 0-0: Ball
1-0: Ball
2-0: Foul Ball, location: 2F
2-1: Called Strike
2-2: Strikes out swinging
Top of the 9th over - 0 runs, 1 hit, 0 errors, 2 left on base; Pittsburgh 5 - Philadelphia 11
Tuesday, March 28th , 2023 - OOTP Baseball 23.10 Build 110